[Event "*** Titled Tuesday Blitz"]
[Site "Chess.com"]
[Date "2020.10.20"]
[Round "7"]
[White "pastouche06"]
[Black "dosto07"]
[Result "1-0"]
[WhiteElo "2474"]
[BlackElo "2336"]
[TimeControl "180+1"]
[EndTime "11:20:13 PDT"]
[Termination "pastouche06 won on time"]

1. d4 d5 2. c4 dxc4 3. e3 Nf6 4. Bxc4 e6 5. Nf3 c5 6. O-O a6 7. dxc5 Bxc5 8. Qxd8+ Kxd8 9. Ne5 Ke7 10. Be2 Nbd7 11. Nd3 Bd6 12. Nd2 b5 13. a4 b4 14. Nc4 a5 15. Nxd6 Kxd6 16. Bf3 Ra7 17. e4 e5 18. Be3 Rc7 19. Rac1 Bb7 20. Rxc7 Kxc7 21.
Rc1+ Kb8 22. Nc5 Rc8 23. Nxb7 Rxc1+ 24. Bxc1 Kxb7 25. Be3 Kc6 26. Bd1 Nxe4 27. f3 Nec5 28. b3 f5 29. Bc2 g6 30. Kf2 Kd5 31. h4 e4 32. g4 Ne5 33. gxf5 gxf5 34. Bxc5 Kxc5 35.
fxe4 fxe4 36. Bxe4 h6 37. Ke3 Nd7 38. Bg6 Ne5 39.
Bh7 Nc6 40. Bg8 Nd4 41. Kf4 Kd6 42. Kg4 Ke5 43. Bc4 Kf6 44. Kf4 Nc6 45. Ke4 Ke7 46. Kd5 Nd8 47. Kc5 1-0

[Event "*** Titled Tuesday Blitz"]
[Site "Chess.com"]
[Date "2020.10.20"]
[Round "7"]
[White "Alexander_Moskalenko"]
[Black "Jumbo"]
[Result "1-0"]
[WhiteElo "2903"]
[BlackElo "2779"]
[TimeControl "180+1"]
[EndTime "11:20:14 PDT"]
[Termination "Alexander_Moskalenko won by resignation"]

1. c4 e5 2. Nc3 Nf6 3. Nf3 Nc6 4.
d3 d5 5. cxd5 Nxd5 6. Bd2 Nb6 7.
g3 Be7 8. Bg2 O-O 9. O-O Be6 10.
Rc1 f5 11. a3 a5 12. Be3 a4 13.
Nd2 Nd5 14. Nxd5 Bxd5 15. Qc2 Kh8 16. Bxd5 Qxd5 17. Qc4 Ra5 18. Qxd5 Rxd5 19. Rc4 Rb5 20. Rxa4 Rxb2 21. Rb1 Rxb1+ 22. Nxb1 Bd6 23. f4 Re8 24. Kf2 Kg8 25. Nc3 Kf7 26. Nb5 exf4 27. Nxd6+ cxd6 28. gxf4 Ke6 29. Bd2 Kd5 30. Bc3 g6 31. Kf3 Ke6 32. e4 Rf8 33. h4 d5 34. Ke3 Rd8 35. Bb2 Re8 36. Kf3 Kd6 37. Bf6 Kc5 38. exd5 Kb5 39.
Rc4 Nb8 40. Rc7 b6 41. d6 Re6 42. Be5 1-0

[Event "*** Titled Tuesday Blitz"]
[Site "Chess.com"]
[Date "2020.10.20"]
[Round "7"]
[White "Iskusnyh"]
[Black "tteshan"]
[Result "1-0"]
[WhiteElo "2558"]
[BlackElo "2390"]
[TimeControl "180+1"]
[EndTime "11:20:14 PDT"]
[Termination "Iskusnyh won by resignation"]

1. d4 d5 2. c4 dxc4 3. e3 Nf6 4.
Bxc4 e6 5. Nf3 a6 6. O-O b5 7.
Be2 Nbd7 8. a4 b4 9. b3 Bb7 10. Bb2 c5 11. Nbd2 Be7 12. Nc4 O-O 13. Rc1 a5 14.
Nfe5 Nxe5 15. dxe5 Nd5 16. Bd3 Qc7 17. Qg4 g6 18. h4 h5 19. Qg3 Qd8 20. Nd6 Ba6 21. Bxg6 Bxh4 22. Bxf7+ Kh8 23. Qg6 Qg5 24. Qxg5 Bxg5 25.
Bxe6 Nxe3 26. Rfe1 Ng4 27. Nf7+ Rxf7 28. Bxf7 Bxc1 29. Rxc1 Kg7 30. e6+ Kf8 31. Rxc5 Rd8 32. Rc1 Rd2 33. Ba1 Rxf2 34. Be5 Bb7 35. Bd6+ Kg7 36. Rc7 Rxg2+ 37. Kf1 Ne3+ 38. Ke1 Nc2+ 39. Kd1 Ne3+ 40. Kc1 Rg1+ 41. Kd2 Rd1+ 42. Kxe3 Rxd6 43. Rxb7 Kf6 44. Bxh5 Rxe6+ 45. Kd4 Re1 46. Bf3 Rf1 47. Bd5 Rd1+ 48. Kc5 Ke5 49. Re7+ Kf6 50. Ra7 Ke5 51. Bc4 Rd8 52. Rxa5 Rc8+ 53. Kxb4+ Kd4 54. Rd5+ Ke4 55. Rd7 Rb8+ 56. Bb5 Ke5 57. a5 1-0

[Event "*** Titled Tuesday Blitz"]
[Site "Chess.com"]
[Date "2020.10.20"]
[Round "7"]
[White "MVM2008"]
[Black "Srisshhhtea"]
[Result "1-0"]
[WhiteElo "2145"]
[BlackElo "2232"]
[TimeControl "180+1"]
[EndTime "11:20:14 PDT"]
[Termination "MVM2008 won by resignation"]

1. e4 e6 2. d4 d5 3. Nd2 Be7 4. Ngf3 Nf6 5. e5 Nfd7 6. Bd3 c5 7. c3 b6 8. h4 Nc6 9. a3 a5 10. Rh3 Ba6 11. Bc2 Qc7 12. Rg3 cxd4 13. cxd4 Nxd4 14.
Nxd4 Qxe5+ 15. Ne2 Rc8 16. Ba4 b5 17. Nf3 Qe4 18. Bb3 a4 19. Ba2 Ne5 20. Nxe5 Qxe5 21. Qd4 Qxd4 22. Nxd4 Bxh4 23. Rc3 Bf6 24. Rxc8+ Bxc8 25.
Nxb5 Ke7 26. Be3 Bd7 27. Nd4 Rb8 28. Rb1 e5 29. Ne2 d4 30. Bd2 e4 31. Nf4 Bf5 32. Nd5+ Kf8 33. Nxf6 gxf6 34. Bb4+ Kg7 35. b3 axb3 36.
Rxb3 d3 37. Bb1 Bg6 38. f3 f5 39. fxe4 fxe4 40. Bc3+ f6 41. Rxb8 1-0

[Event "*** Titled Tuesday Blitz"]
[Site "Chess.com"]
[Date "2020.10.20"]
[Round "7"]
[White "Sn00pPawn"]
[Black "LubovMarkelova"]
[Result "1-0"]
[WhiteElo "2018"]
[BlackElo "2233"]
[TimeControl "180+1"]
[EndTime "11:20:16 PDT"]
[Termination "Sn00pPawn won by resignation"]

1. e4 e6 2. d4 d5 3. Nc3 Nf6 4.
Bg5 dxe4 5. Nxe4 Nbd7 6. Nxf6+ Nxf6 7. Nf3 h6 8. Be3 Nd5 9. Qd2 c5 10. O-O-O Qb6 11. dxc5 Bxc5 12. Bxc5 Qxc5 13. Qd4 Qxd4 14. Nxd4 Bd7 15. g3 O-O-O 16. Bg2 Ba4 17. b3 Nc3 18. Rd3 Nxa2+ 19. Kb2 Nb4 20. Rc3+ Kb8 21. Rc4 Bc6 22.
Nxc6+ Nxc6 23. Bxc6 bxc6 24. Rxc6 Kb7 25. Rc3 Rd2 26. Rf1 Rhd8 27. Kc1 Re2 28. Re3 Red2 29. Ree1 Kc6 30. Rd1 R2d5 31. c4 Rxd1+ 32. Rxd1 Rxd1+ 33.
Kxd1 Kc5 34. Kc2 Kd4 35. f3 e5 36. Kd2 f5 37. h4 g5 38. hxg5 hxg5 39. Ke2 a5 40. Kd2 a4 41. bxa4 Kxc4 42. g4 fxg4 43. fxg4 Kb4 44. Kd3 Kxa4 45. Ke4 Kb5 46. Kxe5 Kc5 47.
Kf5 Kd6 48. Kxg5 Ke6 49. Kg6 Ke5 50. g5 Kf4 51. Kf6 1-0

[Event "*** Titled Tuesday Blitz"]
[Site "Chess.com"]
[Date "2020.10.20"]
[Round "7"]
[White "LittlePeasant"]
[Black "Msb2"]
[Result "0-1"]
[WhiteElo "2806"]
[BlackElo "2931"]
[TimeControl "180+1"]
[EndTime "11:20:17 PDT"]
[Termination "Msb2 won by resignation"]

1. Nf3 d5 2. c4 d4 3. e3 c5 4. g3 Nc6 5. exd4 cxd4 6. Bg2 e5 7. O-O Nf6 8. Re1 Bd6 9. b4 Nxb4 10. Nxe5 O-O 11. d3 Re8 12. Bf4 Qc7 13. a3 Na6 14. Nf3 Rxe1+ 15. Qxe1 Bxf4 16. gxf4 Qxf4 17. Nbd2 Be6 18.
Nb3 Rd8 19. Qe5 Qxe5 20. Nxe5 Nd7 21. Nf3 Ndc5 22. Nbxd4 Nxd3 23. Nxe6 fxe6 24. Ng5 Ndc5 25. Re1 Nc7 26. Bh3 Rd6 27. Kg2 h6 28. Nf3 b6 29.
Ne5 Ne8 30. Bg4 Nf6 31. Bf3 Nfd7 32. Nc6 a5 33. Na7 Kf7 34. Nb5 Rd3 35. Bh5+ Kf6 36. Bf3 Ne5 37. Be2 Rd2 38. Bf1 Ned3 39. Bxd3 Nxd3 40. Rf1 Nf4+ 41. Kf3 g5 42. Re1 Rd3+ 43. Re3 Rd1 44. Nc7 Kf5 45. Ne8 g4+ 46. Kg3 Rg1+ 47. Kh4 Ng2+ 48. Kh5 Nxe3 49. fxe3 0-1

[Event "*** Titled Tuesday Blitz"]
[Site "Chess.com"]
[Date "2020.10.20"]
[Round "7"]
[White "Azatic"]
[Black "Matols"]
[Result "1-0"]
[WhiteElo "2566"]
[BlackElo "2270"]
[TimeControl "180+1"]
[EndTime "11:20:17 PDT"]
[Termination "Azatic won on time"]

1. e4 e6 2. d3 d5 3. Nd2 c5 4.
Ngf3 Nf6 5. g3 g6 6. Bg2 Bg7 7. O-O O-O 8. Re1 Nc6 9. Qe2 Re8 10. Nf1 b6 11. e5 Nd7 12. Bf4 f6 13. exf6 Qxf6 14.
Ng5 Nd4 15. Qg4 Bb7 16. Ne3 h6 17. Nxd5 Bxd5 18. Bxd5 exd5 19. Qxd7 Rxe1+ 20. Rxe1 hxg5 21. Qxd5+ Kh7 22. Qxa8 gxf4 23. g4 f3 24. c3 Ne2+ 25. Kh1 Qf4 26. Qe4 Qf6 27. a4 Bf8 28. g5 Qf7 29. Qh4+ Kg7 30. d4 Bd6 31. d5 Qf5 32.
Rd1 Qe5 33. Qh6+ Kf7 34. Qh7+ Kf8 35. Qh6+ Kf7 36. Rd3 Qf4 37. Qh7+ Kf8 38. Qh8+ Kf7 39. Qf6+ Qxf6 40. gxf6 Kxf6 41. Rxf3+ Kg5 42. Re3 Nf4 43. Re8 1-0

[Event "*** Titled Tuesday Blitz"]
[Site "Chess.com"]
[Date "2020.10.20"]
[Round "7"]
[White "Margarita2907"]
[Black "KatarinaOstojic"]
[Result "0-1"]
[WhiteElo "2174"]
[BlackElo "2336"]
[TimeControl "180+1"]
[EndTime "11:20:17 PDT"]
[Termination "KatarinaOstojic won on time"]

1. e4 c5 2. Nf3 d6 3. d4 cxd4 4.
Nxd4 Nf6 5. Nc3 a6 6. Be3 e5 7. Nb3 Be6 8. f3 Be7 9. Qd2 O-O 10. O-O-O a5 11. Na4 Nbd7 12. g4 Qb8 13. Bb5 Qc7 14.
h4 Bxb3 15. axb3 Nc5 16. Nxc5 dxc5 17. h5 Rfd8 18. Qe2 Ne8 19. g5 Nd6 20. g6 Bf6 21. gxf7+ Nxf7 22. h6 g6 23. Qc4 b6 24.
Qe6 Be7 25. Bc4 Bd6 26. Bg5 Re8 27. Qf6 Bf8 28. Rd5 Qe7 29. Qxe7 Bxe7 30. Bxe7 Rxe7 31.
Rd3 Kf8 32. Rhd1 Ng5 33. Rd7 Rae8 34. Rxe7 Kxe7 35. Rd5 Nxf3 36. Rd3 Nd4 37. Rg3 Rf8 38. Rg1 Rf4 39. Re1 Rh4 40. Bd5 Rxh6 41. Rf1 Ne2+ 0-1

[Event "*** Titled Tuesday Blitz"]
[Site "Chess.com"]
[Date "2020.10.20"]
[Round "7"]
[White "WuinaterJr"]
[Black "abhidabhi"]
[Result "0-1"]
[WhiteElo "2528"]
[BlackElo "2808"]
[TimeControl "180+1"]
[EndTime "11:20:18 PDT"]
[Termination "abhidabhi won by resignation"]

1. d4 Nf6 2. c4 g6 3. Nc3 d5 4. cxd5 Nxd5 5. e4 Nxc3 6. bxc3 Bg7 7. Nf3 c5 8. Be2 O-O 9. O-O Nd7 10. Be3 b6 11. Qc2 Bb7 12. d5 c4 13. Rfd1 Qc7 14. Bd4 Rac8 15. Rab1 Nc5 16. Bxg7 Kxg7 17. Rd4 f5 18. e5 Rfd8 19. Rbd1 Nd7 20. Rxc4 Qb8 21. Rxc8 Rxc8 22. e6 Nf6 23. Qb3 Qd6 24. c4 Qc5 25. Nd4 Ne4 26. Qe3 Qb4 27. Rc1 Bxd5 28. Nxf5+ gxf5 29. cxd5 Rxc1+ 30. Qxc1 Qd4 31. Qf4 Qxd5 32. g4 Qxa2 33.
Qe5+ Nf6 34. g5 Qb1+ 35. Kg2 Qe4+ 36. Qxe4 Nxe4 37. Bd3 Kg6 38. f4 Nc5 39. Bb5 Nxe6 40. Be8+ Kg7 41. Kf3 a5 42. Ke3 Nc5 43. Bb5 a4 44. Bc4 a3 45. h4 b5 46. Bd5 b4 47.
Kd2 b3 48. Kc3 b2 49. Ba2 Ne4+ 50. Kd4 Nd2 51. Ke5 b1=Q 0-1

[Event "*** Titled Tuesday Blitz"]
[Site "Chess.com"]
[Date "2020.10.20"]
[Round "7"]
[White "oogee"]
[Black "indfraeng"]
[Result "0-1"]
[WhiteElo "2179"]
[BlackElo "2341"]
[TimeControl "180+1"]
[EndTime "11:20:20 PDT"]
[Termination "indfraeng won by resignation"]

1. d4 d5 2. c4 c6 3. Nf3 Nf6 4. g3 dxc4 5. a4 b5 6. Bg2 Bb7 7. b3 cxb3 8. Qxb3 a6 9. Ne5 e6 10. O-O Bd6 11. f4 O-O 12. Kh1 Qc7 13. Nc3 Nbd7 14. Be3 Nb6 15. Bg1 b4 16. Ne4 Nxe4 17.
Bxe4 c5 18. Qf3 Bxe4 19. Qxe4 c4 20. a5 Nd5 21. f5 c3 22. f6 Nxf6 23. Rxf6 gxf6 24.
Ng4 Qe7 25. Nh6+ Kh8 26. Rf1 f5 27. Qe3 c2 28. d5 Rac8 29. Qc1 Be5 30. Be3 b3 31.
Bf4 Bg7 32. Bg5 f6 33. Be3 exd5 34. Nxf5 Qe4+ 35. Rf3 Rb8 36. Nd6 b2 37. Nxe4 bxc1=Q+ 38. Bxc1 dxe4 39. Re3 Rb1 40. Kg2 Rxc1 41. Rxe4 Rd1 42. Rc4 c1=Q 43. Rxc1 Rxc1 0-1

[Event "*** Titled Tuesday Blitz"]
[Site "Chess.com"]
[Date "2020.10.20"]
[Round "7"]
[White "infinitegiantkiller"]
[Black "dragos420"]
[Result "1-0"]
[WhiteElo "2369"]
[BlackElo "2486"]
[TimeControl "180+1"]
[EndTime "11:20:21 PDT"]
[Termination "infinitegiantkiller won by resignation"]

1. d4 Nf6 2. c4 e6 3. Nc3 Bb4 4. Bd2 b6 5. Nf3 O-O 6. e3 d5 7.
Qc2 a5 8. a3 Be7 9. Bd3 Ba6 10.
cxd5 Bxd3 11. Qxd3 exd5 12. O-O c5 13. Ne5 Bd6 14. f4 Nbd7 15. Nb5 Bxe5 16. fxe5 Ne4 17. Nc3 c4 18. Qe2 Nxc3 19. Bxc3 f6 20. Qf3 Nb8 21. Rad1 Ra7 22. Qh5 g6 23. Qh3 f5 24. g4 Raf7 25. gxf5 Rxf5 26. Rxf5 Rxf5 27. Rf1 Qg5+ 28. Qg2 Qxe3+ 29.
Kh1 Rg5 30. Qf3 Qxf3+ 31. Rxf3 Rf5 32. Rxf5 gxf5 33. Kg2 Kf7 34. Kf3 Ke6 35. Kf4 Nd7 36. Kg5 Nf8 37. h4 Ng6 38. a4 Ne7 39. Kf4 Kf7 40. Be1 Kg6 41. h5+ Kxh5 42. e6 Nc6 43. Kxf5 Nxd4+ 44. Ke5 Nxe6 45. Kxe6 d4 46. Kd5 c3 47.
bxc3 dxc3 48. Bxc3 Kg4 49. Kc6 h5 50. Kxb6 h4 51.
Be5 Kf5 52. Bb8 Ke4 53. Kxa5 Kd5 54. Kb6 Ke6 55. a5 Kd7 56. Kb7 h3 57. a6 h2 58.
Bxh2 1-0

[Event "*** Titled Tuesday Blitz"]
[Site "Chess.com"]
[Date "2020.10.20"]
[Round "7"]
[White "GAusal"]
[Black "mr_gustavo"]
[Result "0-1"]
[WhiteElo "2045"]
[BlackElo "2430"]
[TimeControl "180+1"]
[EndTime "11:20:21 PDT"]
[Termination "mr_gustavo won on time"]

1. d4 d5 2. Bf4 Nf6 3. e3 e6 4. Nf3 Bd6 5. Ne5 O-O 6. Bd3 c5 7. c3 Qc7 8. Nd2 Nbd7 9. Nxd7 Bxd7 10. Bxd6 Qxd6 11. Nf3 Be8 12. O-O Nd7 13. a3 e5 14.
dxe5 Nxe5 15. Nxe5 Qxe5 16. Qf3 Bc6 17. Qf5 Qxf5 18. Bxf5 Rfe8 19. Rad1 Rad8 20. Bc2 b6 21. Rd2 Rd6 22. Rfd1 Red8 23. Kf1 g6 24. f3 f6 25. Kf2 Kf7 26. Bb3 Ke7 27. Ba2 a5 28. g3 b5 29.
Bb1 R8d7 30. g4 Kd8 31. h4 Kc7 32. Kg3 Kb6 33. Rh2 c4 34. Rd4 Kc5 35. h5 g5 36.
Rhd2 h6 37. Bf5 Rd8 38. Bg6 b4 39. axb4+ axb4 40. Bf7 bxc3 41. bxc3 R8d7 42. Bg6 Rb7 43. e4 Rb3 44. exd5 Rxd5 45. Bf7 Rxd4 46. cxd4+ Kb4 47.
d5 Bd7 48. Be6 c3 49. Rd4+ Kc5 50. Rd1 Bxe6 51. dxe6 Rb8 52. f4 Kc4 0-1

[Event "*** Titled Tuesday Blitz"]
[Site "Chess.com"]
[Date "2020.10.20"]
[Round "7"]
[White "NikolaGry"]
[Black "GalperinPlaton"]
[Result "0-1"]
[WhiteElo "2707"]
[BlackElo "2831"]
[TimeControl "180+1"]
[EndTime "11:20:22 PDT"]
[Termination "GalperinPlaton won by resignation"]

1. b3 e5 2. Bb2 Nc6 3. c4 Nf6 4.
e3 g6 5. Nf3 d6 6. d4 Bg7 7. dxe5 Nd7 8. Be2 O-O 9. O-O dxe5 10. Nc3 Re8 11. Qc2 Nc5 12. Rad1 Bf5 13. e4 Bd7 14.
Nd5 a5 15. Rd2 Ne6 16. Rfd1 Ned4 17. Nxd4 Nxd4 18. Rxd4 exd4 19. Bxd4 Bxd4 20. Rxd4 c6 21. Ne3 Qe7 22. Qd2 Be6 23. f4 Red8 24. f5 gxf5 25. exf5 Qf6 26. Rxd8+ Rxd8 27. Qc2 Qd4 28. Kf2 Bc8 29.
g4 Qf4+ 30. Bf3 Qxh2+ 31. Ng2 h5 32. Qc1 Qd6 33. Qg5+ Kf8 34. Nf4 hxg4 35. f6 gxf3 36. c5 Qd2+ 37. Kg3 Qe1+ 38. Kxf3 Qf1+ 39. Ke3 Re8+ 40.
Kd2 Qf2+ 41. Kc3 Re3+ 42. Nd3 Rxd3+ 43. Kxd3 Qf5+ 44. Qxf5 Bxf5+ 45. Kc4 Ke8 46. b4 axb4 47. Kxb4 Kd7 48. Ka5 Bd3 49. Kb6 Ba6 0-1

[Event "*** Titled Tuesday Blitz"]
[Site "Chess.com"]
[Date "2020.10.20"]
[Round "7"]
[White "chessplayer9919"]
[Black "MidnightFox"]
[Result "1-0"]
[WhiteElo "2612"]
[BlackElo "2434"]
[TimeControl "180+1"]
[EndTime "11:20:22 PDT"]
[Termination "chessplayer9919 won by checkmate"]

1. e4 e5 2. Nc3 Nc6 3. Bc4 Bc5 4. Qg4 Qf6 5. Nd5 Qxf2+ 6. Kd1 Kf8 7. Nh3 Qd4 8. d3 Nf6 9. Qf3 Nxd5 10. c3 Qxc4 11.
dxc4 Nf6 12. Be3 d6 13. Nf2 Bxe3 14. Qxe3 Be6 15. b3 a5 16. Kc2 a4 17. g4 h6 18.
Rhg1 Ke7 19. h4 axb3+ 20. axb3 Rxa1 21. Rxa1 Nxg4 22. Nxg4 Bxg4 23. Rg1 f5 24. exf5 Bxf5+ 25. Kb2 Kf6 26. h5 Ne7 27. Qf2 g5 28. hxg6 Nxg6 29. c5 Nf4 30. Qh4+ Ke6 31. cxd6 cxd6 32. Rg7 Nd3+ 33.
Kb1 Nf4+ 34. Kc1 Re8 35. Qxh6+ Kd5 36. c4+ Kc5 37. Rc7+ Kb4 38. Qxd6+ Kc3 39. Qd2+ Kxb3 40. Rxb7+ Kxc4 41. Rc7+ Kb5 42. Qb2+ Ka6 43. Rc6+ Ka5 44. Rc5+ Ka6 45. Qb5+ Ka7 46. Rc7+ Ka8 47. Qb7# 1-0

[Event "*** Titled Tuesday Blitz"]
[Site "Chess.com"]
[Date "2020.10.20"]
[Round "7"]
[White "cstevens1"]
[Black "gmpeter008"]
[Result "1-0"]
[WhiteElo "2665"]
[BlackElo "2421"]
[TimeControl "180+1"]
[EndTime "11:20:22 PDT"]
[Termination "cstevens1 won by resignation"]

1. e4 e5 2. Nf3 Nc6 3. Bb5 Nf6 4. d3 Bc5 5. O-O d6 6. Be3 Bb6 7. a4 O-O 8. Bxc6 bxc6 9. a5 Bxe3 10. fxe3 Qe7 11.
Nc3 d5 12. Ra4 Rb8 13. Qc1 Ba6 14. Nh4 g6 15. Nf3 Kg7 16. h3 Bb5 17. Nxb5 cxb5 18.
Ra3 dxe4 19. Nd2 exd3 20. cxd3 Rfd8 21. Rc3 Nd5 22. Rc5 Rbc8 23. Nb3 a6 24. Qe1 Qg5 25. Rf3 Qe7 26. Kh2 Nf6 27. e4 Rd6 28. Qf2 Rcd8 29. Nc1 R8d7 30. b4 Nh5 31. Qb2 Kg8 32. Rxe5 Qf8 33.
Rc5 Qh6 34. Qf2 Re6 35. e5 Kg7 36. d4 Kg8 37. Nd3 Ng7 38. d5 Re8 39. e6 fxe6 40. Ne5 Rxd5 41. Rxd5 exd5 42. Qc5 Nf5 43. Qxd5+ Kg7 44. Qf7+ 1-0

[Event "*** Titled Tuesday Blitz"]
[Site "Chess.com"]
[Date "2020.10.20"]
[Round "7"]
[White "queen_iryna"]
[Black "MikeSailer"]
[Result "1-0"]
[WhiteElo "2297"]
[BlackElo "2100"]
[TimeControl "180+1"]
[EndTime "11:20:23 PDT"]
[Termination "queen_iryna won by checkmate"]

1. e4 d5 2. exd5 Qxd5 3. Nc3 Qd6 4. d4 Nf6 5. Nb5 Qd8 6. c4 a6 7. Nc3 Bf5 8. Nf3 e6 9. Be2 Be7 10. O-O O-O 11. h3 h6 12. Bf4 Nbd7 13. Ne5 Nxe5 14.
Bxe5 Bd6 15. Bf3 c6 16. Qe2 Qc7 17. Rad1 Rad8 18. Rfe1 Bxe5 19. dxe5 Rxd1 20. Rxd1 Nd7 21. Re1 Nc5 22. b4 Nd3 23. Bg4 Bg6 24. f4 Nxf4 25.
Qe3 Nd3 26. Re2 Nxb4 27. Qg3 Rd8 28. Bxe6 fxe6 29. Qxg6 Qf7 30. Qb1 Nd3 31. Ne4 Rd4 32. Nd6 Qf4 33. Qxb7 Qc1+ 34. Kh2 Qf4+ 35. g3 Qf3 36.
Qc8+ Kh7 37. Rg2 Ne1 38. Rb2 Rd3 39. Qxe6 Qxg3+ 40. Kh1 Qf3+ 41. Kh2 Qf4+ 42. Kh1 Qf3+ 43. Kh2 Qe3 44. Qf5+ Kh8 45. Rb8# 1-0

[Event "*** Titled Tuesday Blitz"]
[Site "Chess.com"]
[Date "2020.10.20"]
[Round "7"]
[White "Zkid"]
[Black "sjam6687"]
[Result "0-1"]
[WhiteElo "2814"]
[BlackElo "2670"]
[TimeControl "180+1"]
[EndTime "11:20:24 PDT"]
[Termination "sjam6687 won on time"]

1. e4 e5 2. Nf3 Nc6 3. Bc4 Nf6 4. d3 Bc5 5. O-O O-O 6. h3 d5 7. exd5 Nxd5 8. Re1 Be6 9. Nbd2 f6 10. Nb3 Bb6 11.
d4 Re8 12. dxe5 fxe5 13. Ng5 Nf4 14. Nxe6 Nxe6 15. Qg4 Qf6 16. Be3 Kh8 17. Rad1 Ned4 18. c3 Nxb3 19. Bxb3 Rad8 20. Bxb6 cxb6 21. Bc2 g6 22. Be4 Rf8 23. Qg3 Qf4 24. Rxd8 Rxd8 25. Bxc6 bxc6 26. Rxe5 Qxg3 27. fxg3 Rd2 28. Re8+ Kg7 29.
Re7+ Kh6 30. Rxa7 Rxb2 31. g4 Rc2 32. Ra6 Rxc3 33. Rxb6 Ra3 34. Rb2 c5 35. Kf2 Kg5 36. g3 c4 37. Rc2 h5 38. gxh5 gxh5 39. h4+ Kg6 40. Kg2 Kf5 41. Kh3 c3 42. Re2 Kf6 43.
Kg2 Kf5 44. Kf2 Kg4 45. Rc2 Ra4 46. Kg2 Ra3 47. Rf2 Ra4 48. Kh2 Rd4 49. Rf6 Rd2+ 50.
Kg1 c2 0-1

[Event "*** Titled Tuesday Blitz"]
[Site "Chess.com"]
[Date "2020.10.20"]
[Round "7"]
[White "manitodeplomo"]
[Black "vladgoncharov"]
[Result "1-0"]
[WhiteElo "2670"]
[BlackElo "2498"]
[TimeControl "180+1"]
[EndTime "11:20:24 PDT"]
[Termination "manitodeplomo won by resignation"]

1. d4 Nf6 2. c4 e6 3. Nf3 Bb4+ 4. Nbd2 O-O 5. g3 d5 6. Qc2 b6 7. Bg2 Bb7 8. O-O dxc4 9. Qxc4 Bd6 10. Qc2 Nbd7 11.
e4 e5 12. h3 Rc8 13. Rd1 Qe7 14. dxe5 Nxe5 15. Nd4 Rfd8 16. N2b3 Bc5 17. Be3 Bxd4 18.
Nxd4 c5 19. Nf5 Qe6 20. Rxd8+ Rxd8 21. Rd1 Rxd1+ 22. Qxd1 h6 23. Qd8+ Kh7 24. Nd6 Bc6 25. Qc7 Qd7 26. Qxd7 Nfxd7 27. f4 Nd3 28. b3 f6 29. h4 Nb4 30. a4 Kg8 31. Nc8 a6 32. Ne7+ Kf7 33. Nxc6 Nxc6 34. Bf1 Nb4 35. Bc4+ Ke7 36.
Kf2 Kd6 37. Bd2 Nb8 38. Bc3 N8c6 39. Ke3 Nc2+ 40. Kd3 N2d4 41. h5 b5 42. axb5 axb5 43. Bd5 b4 44. Bb2 Ne7 45. Bxd4 Nxd5 46. exd5 1-0

[Event "*** Titled Tuesday Blitz"]
[Site "Chess.com"]
[Date "2020.10.20"]
[Round "7"]
[White "Teo2000"]
[Black "GMTalks_Youtube"]
[Result "0-1"]
[WhiteElo "2445"]
[BlackElo "2615"]
[TimeControl "180+1"]
[EndTime "11:20:24 PDT"]
[Termination "GMTalks_Youtube won by resignation"]

1. e4 e5 2. Nf3 Nc6 3. Bc4 Bc5 4. c3 Nf6 5. d4 exd4 6. cxd4 Bb4+ 7. Nc3 Nxe4 8. O-O Bxc3 9. d5 Ne7 10. bxc3 O-O 11. Qd4 Nd6 12. Bd3 Ng6 13. c4 b6 14. Ng5 Qf6 15.
Qxf6 gxf6 16. Nf3 Ne5 17. Nxe5 fxe5 18. Re1 e4 19. Bf1 f6 20. Ba3 Re8 21. Bxd6 cxd6 22. f3 e3 23. Rac1 Ba6 24. Rc3 Rac8 25. Rexe3 Rxe3 26. Rxe3 Bxc4 27. Rc3 Ba6 28. Rxc8+ Bxc8 29. Kf2 Bb7 30. Bc4 b5 31. Bb3 a5 32. a3 f5 33.
Ke3 Kf7 34. Kd4 Kf6 35. f4 h6 36. h3 Ba6 37. g4 b4 38. axb4 axb4 39. Bc4 Bb7 40. Kd3 Kg6 41. Kc2 fxg4 42. hxg4 h5 43. g5 h4 44. Kb3 Kf5 45. Bd3+ Kxf4 46. g6 Bxd5+ 47. Kxb4 h3 48. g7 h2 49. Bc4 h1=Q 50. g8=Q Bxg8 0-1

[Event "*** Titled Tuesday Blitz"]
[Site "Chess.com"]
[Date "2020.10.20"]
[Round "7"]
[White "keepitcoming"]
[Black "crescentmoon2411"]
[Result "1/2-1/2"]
[WhiteElo "2633"]
[BlackElo "2865"]
[TimeControl "180+1"]
[EndTime "11:20:25 PDT"]
[Termination "Game drawn by agreement"]

1. d4 Nf6 2. c4 c5 3. d5 e6 4. Nc3 exd5 5. cxd5 d6 6. e4 g6 7. f3 Bg7 8. Nge2 O-O 9. Ng3 a6 10. a4 Re8 11. Be2 h5 12. O-O h4 13. Nh1 Nbd7 14.
Nf2 Nf8 15. Bg5 h3 16. g3 N8h7 17. Be3 Rb8 18. Qd2 Nd7 19. Nxh3 Ne5 20. Nf2 b5 21. f4 Nc4 22. Bxc4 bxc4 23. Rfe1 Rb3 24. Qe2 Qb6 25.
Qxc4 Rxb2 26. Rac1 Rb4 27. Qe2 Rb3 28. Nfd1 Nf6 29.
Nf2 Ng4 30. Nxg4 Rxc3 31. Rb1 Rb3 32. Qc2 Rb2 33. Rxb2 Qxb2 34. Qxb2 Bxb2 35. Nf2 Bd7 36. Rb1 Bg7 37. Rb6 c4 38. Rxd6 Bxa4 39. Rxa6 Bc2 40. Rc6 Bxe4 41. Nxe4 Rxe4 42. Rc8+ Kh7 43. Bf2 Bd4 44. Kf1 Bxf2 45. Kxf2 Rd4 46. d6 Rxd6 47. Rxc4 Rd2+ 48. Kf3 Rxh2 49. Rc7 Kg7 50. Kg4 Rf2 51. Ra7 Rf1 52. Rc7 1/2-1/2

[Event "*** Titled Tuesday Blitz"]
[Site "Chess.com"]
[Date "2020.10.20"]
[Round "7"]
[White "MIJuanReyesRosa"]
[Black "kot60"]
[Result "0-1"]
[WhiteElo "2096"]
[BlackElo "2329"]
[TimeControl "180+1"]
[EndTime "11:20:25 PDT"]
[Termination "kot60 won on time"]

1. d4 Nf6 2. Nf3 g6 3. c4 Bg7 4.
Nc3 d5 5. Bf4 O-O 6. Rc1 c6 7.
e3 b6 8. h3 Bb7 9. cxd5 Nxd5 10. Nxd5 Qxd5 11. Bc4 Qa5+ 12. Qd2 Qxd2+ 13. Kxd2 Nd7 14.
Rhd1 h6 15. Ke2 Rac8 16. b4 Rfd8 17. a3 Kf8 18. h4 Re8 19. a4 Red8 20. a5 c5 21.
dxc5 bxc5 22. b5 Bxf3+ 23. Kxf3 Ne5+ 24. Bxe5 Bxe5 25. Bd5 c4 26. Ke4 Bb2 27. Rc2 f5+ 28. Kf3 c3 29. Ke2 Rc5 30. Bc6 Rxd1 31. Kxd1 e5 32.
Ke2 Ke7 33. f3 Kd6 34. e4 f4 35. Be8 g5 36. hxg5 hxg5 37. a6 Kc7 38. Bc6 Kb6 39.
Be8 Rc4 40. Bd7 Ra4 41. Kd3 Ra1 42. Ke2 Kc5 43. Kd3 Rd1+ 44. Ke2 Rxd7 45. b6 Kxb6 46. Kf1 Kxa6 47. Ke2 Kb5 48. Kf1 Kc4 49. Ke2 Kb3 50. Rxc3+ Bxc3 51. g4 a5 0-1

[Event "*** Titled Tuesday Blitz"]
[Site "Chess.com"]
[Date "2020.10.20"]
[Round "7"]
[White "MFBerna"]
[Black "AliKa2810"]
[Result "1-0"]
[WhiteElo "2432"]
[BlackElo "2577"]
[TimeControl "180+1"]
[EndTime "11:20:26 PDT"]
[Termination "MFBerna won on time"]

1. b3 d5 2. Bb2 Bg4 3. h3 Bh5 4. g4 Bg6 5. Bg2 e6 6. c4 Nf6 7. Nf3 Nbd7 8. d3 Be7 9. Nc3 c6 10. Nh4 d4 11. Nb1 Qa5+ 12. Nd2 e5 13. a3 Qb6 14. b4 a5 15. c5 Qb5 16. Qb3 axb4 17. axb4 Rxa1+ 18. Bxa1 O-O 19. Nxg6 hxg6 20. Qc4 Ra8 21. O-O Qxc4 22. Nxc4 Ra2 23. Bf3 Nd5 24.
Rb1 Nxb4 25. Rxb4 Rxa1+ 26. Kg2 Nxc5 27. Nxe5 Nxd3 28. Rxb7 Ne1+ 29. Kg3 Bd6 30. Bxc6 Bxe5+ 31. f4 Ra3+ 32. Kf2 Bxf4 33. Kxe1 Be3 34. Kf1 Ra1+ 35. Kg2 f5 36. Bd5+ Kh7 37. gxf5 gxf5 38. Be6 f4 39.
Bf5+ Kh6 40. Rb6+ Kh5 41. Bg6+ Kg5 42. Be4 Rg1+ 43. Kh2 Rf1 44. Rg6+ Kh4 45. Rg2 1-0

[Event "*** Titled Tuesday Blitz"]
[Site "Chess.com"]
[Date "2020.10.20"]
[Round "7"]
[White "GregShahade"]
[Black "realmadridtv"]
[Result "1/2-1/2"]
[WhiteElo "2658"]
[BlackElo "2430"]
[TimeControl "180+1"]
[EndTime "11:20:28 PDT"]
[Termination "Game drawn by repetition"]

1. e4 e5 2. Nf3 Nc6 3. Bb5 a6 4. Ba4 Nf6 5. O-O Nxe4 6. d4 Be7 7. Re1 b5 8. Rxe4 d5 9. Nxe5 Nxe5 10. Rxe5 bxa4 11. b3 O-O 12. Ba3 Bxa3 13. Nxa3 Qd6 14.
Nb1 f6 15. Re1 Bf5 16. Nc3 a3 17. Na4 Rae8 18. Qd2 h5 19. h3 Kh7 20. c3 Bg6 21. Nc5 Rxe1+ 22. Rxe1 Re8 23. Rxe8 Bxe8 24. Qe2 Bg6 25.
Qxa6 Qf4 26. Qxa3 Qd2 27. b4 Qe1+ 28. Kh2 Qxf2 29. Qc1 Qxa2 30. Qe3 Qa1 31. Ne6 Be4 32. Qg3 g5 33. Qxc7+ Kg6 34. Nf8+ Kf5 35. Qg3 Qb2 36. Nd7 Kg6 37. h4 Qd2 38. hxg5 h4 39. Qg4 f5 40. Ne5+ Kg7 41. Qh3 Qf4+ 42. Kg1 Qc1+ 43. Kh2 Qxg5 44. Nf3 Qf4+ 45. Kh1 Qc1+ 46. Ng1 Qg5 47. Nf3 Qc1+ 48.
Kh2 Qf4+ 49. Kh1 Qc1+ 1/2-1/2